 Dungeon Crawl Stone Soup version 0.27-a0-1181-g5f64966fcc (webtiles) character file.

Game seed: 8564066519368871718

95 Sobieck the Skirmisher (level 4, -7/35 HPs)
             Began as a Demonspawn Fighter on May 17, 2021.
             Mangled by an orc warrior
             ... wielding a +0 hand axe
              (11 damage)
             ... on level 2 of the Dungeon.
             The game lasted 00:03:59 (1890 turns).

Sobieck the Skirmisher (Demonspawn Fighter)         Turns: 1890, Time: 00:04:00

Health: -7/35      AC: 11    Str: 18    XL:     4   Next: 40%
Magic:  4/4        EV:  7    Int:  9    God:
Gold:   98         SH:  9    Dex: 12    Spells: 3/3 levels left

rFire    . . .     SeeInvis .   a - +0 war axe {axe}
rCold    . . .     Faith    .   c - +0 kite shield
rNeg     . . .     Spirit   .   j - +0 scale mail
rPois    .         Reflect  .   (helmet restricted)
rElec    .         Harm     .   (no cloak)
rCorr    .         Rampage  .   (no gloves)
Will     .....                  e - +0 pair of boots
Stlth    ..........             (no amulet)
HPRegen  0.11/turn              (no ring)
MPRegen  0.09/turn              (no ring)

@: mighty
A: antennae 1, slimy green scales 2
a: no special abilities


You were on level 2 of the Dungeon.
You visited 1 branch of the dungeon, and saw 3 of its levels.

You collected 98 gold pieces.


Innate Abilities, Weirdness & Mutations

You have a pair of small antennae on your head.
You are mostly covered in slimy green scales. (AC +3)


   Skills:
 + Level 3.5 Fighting
 * Level 3.0 Axes
 + Level 3.2 Armour
 + Level 3.2 Shields


You had 3 spell levels left.
You didn't know any spells.
Your spell library was empty.

Inventory:

Hand Weapons
 a - a +0 war axe (weapon) {axe}
 b - a +1 hunting sling of flaming {sling}
   (You found it on level 1 of the Dungeon)
Missiles
 g - 18 stones (quivered) {throwing}
 o - a throwing net {=f!fthrowing}
 p - 14 sling bullets
 r - 4 boomerangs {throwing}
Armour
 c - a +0 kite shield (worn)
 e - a +0 pair of boots (worn)
   (You found it on level 1 of the Dungeon)
 j - a +0 scale mail (worn)
Magical Staves
 k - a staff of cold {!astaff}
   (You found it on level 1 of the Dungeon)
 n - a staff of air {!astaff}
   (You found it on level 1 of the Dungeon)
Scrolls
 i - a scroll of identify {unknown}
 l - a scroll of blinking {unknown}
 m - a scroll of amnesia {unknown}
 s - a scroll of immolation {unknown}
Potions
 f - a potion of curing {unknown}
 h - 2 potions of heal wounds {unknown}
 q - 2 potions of brilliance {unknown}

Dungeon Overview and Level Annotations

Branches:
Dungeon (3/15)

Altars:

Annotations:
D:2 exclusion: downstairs

..............####
...##.##.######
..###.##.# # .####.##.##
). #.# ......#...# ...
#.. ..#####.).# .... ###
).# #...# (.... .##
#...#########...... ##
#.........@o{o.$.>.
.######...###.#.##o.....#
................# ......#
................# (......
................# .#.####
.####......##.#>##.#.# .#
#.#............# . ##
#.#....######### ## #
#.#....#


You could see an orc warrior and 2 orcs.


Message History

A goblin comes into view. It is wielding a +0 dagger.
The goblin shouts! 😎 HP[+11]
Your hp is fully restored (35).
Your +1 hunting sling of flaming {sling} bursts into flame!
b - a +1 hunting sling of flaming (weapon)
{sling} You shoot a sling bullet.
The sling bullet completely misses the goblin.
A goblin is nearby!
Your +1 hunting sling of flaming {sling} stops flaming.
a - a +0 war axe (weapon)
{axe} Your shield prevents you from hitting the goblin.
You block the goblin's attack. The goblin hits you but does no damage.
You hit the goblin.
You kill the goblin!
No target in view!
No target in view!
Your +1 hunting sling of flaming {sling} bursts into flame!
b - a +1 hunting sling of flaming (weapon)
{sling}
Things that are here:
a +0 dagger {short}; a goblin corpse
Press: ? - help, . - travel You can't see that place. [a stone staircase leading down.] Placed new exclusion.
Reduced exclusion size to a single square.
p - 18 sling bullets (gained 1)
A giant cockroach comes into view.
You shoot a sling bullet.
The sling bullet hits the giant cockroach!
The sling bullet burns the giant cockroach.
You kill the giant cockroach!
No target in view!
p - 18 sling bullets (gained 1)
You see here a giant cockroach corpse.
Found a stone staircase leading down.
A giant cockroach, an orc warrior and an orc wizard come into view.
The orc warrior shouts!
The orc wizard shouts!
An orc comes into view. It is wielding a +0 whip.
You can't go down here!
You shoot a sling bullet. The orc shouts!
The sling bullet hits the giant cockroach but does no damage.
An orc comes into view. It is wielding a +0 short sword.
You shoot a sling bullet.
The sling bullet hits the giant cockroach!
The sling bullet burns the giant cockroach.
You kill the giant cockroach!
Unknown command.
You shoot a sling bullet. The sling bullet hits the orc wizard.
The sling bullet burns the orc wizard.
You shoot a sling bullet. The sling bullet hits the orc warrior.
The sling bullet burns the orc warrior.
Your +1 hunting sling of flaming {sling} stops flaming.
a - a +0 war axe (weapon)
{axe} You hit the orc warrior.
The orc warrior hits you with a +0 hand axe. 😕 HP[-6]
You take 6 damage, and now have 29/35 hp.
You hit the orc warrior.
The orc warrior hits you with a +0 hand axe.
The orc warrior hits you with a +0 hand axe!
* * * LOW HITPOINT WARNING * * *
😨 HP[-13]
You take 13 damage, and now have 16/35 hp.
MASSIVE DAMAGE!! (PAUSE)
You barely miss the orc warrior.
The orc wizard casts a spell at itself.
The orc wizard flickers and vanishes!
Deactivating autopickup; reactivate with Ctrl-A.
You block the orc warrior's attack.
You closely miss the orc warrior. You block the orc warrior's attack.
The orc warrior hits you with a +0 hand axe.
* * * LOW HITPOINT WARNING * * *
😨 HP[-3]
You take 3 damage, and now have 13/35 hp.
Unknown command.
You barely miss the orc warrior.
The orc warrior hits you with a +0 hand axe.
* * * LOW HITPOINT WARNING * * *
😨 HP[-3]
You take 3 damage, and now have 10/35 hp.
You closely miss the orc warrior.
The orc warrior hits you with a +0 hand axe.
* * * LOW HITPOINT WARNING * * *
The orc warrior hits you with a +0 hand axe.
* * * LOW HITPOINT WARNING * * *
😱 HP[-7]
You take 7 damage, and now have 3/35 hp.
Unknown command.
Sorry, you're not good enough to have a special ability.
Unknown command.
You feel very mighty all of a sudden.
The orc warrior hits you but does no damage.
You closely miss the orc warrior. You block the orc warrior's attack. x2
You hit the orc warrior.
The orc warrior hits you but does no damage.
You closely miss the orc warrior.
The orc warrior hits you with a +0 hand axe!
You die...

Skill      XL: |  1  2  3  4 |
---------------+-------------+-----
Axes           | 2 3 |  3.0
Armour         | 3 |  3.2
Shields        | 3 |  3.2
Fighting       | |  3.5

Action                   |  1- 3 |  4- 6 || total
-------------------------+-------+-------++-------
Melee: War axe           |    72 |    20 ||    92
 Fire: Hunting sling     |    17 |    11 ||    28
  Use: Potion            |       |     1 ||     1
Armor: Scale mail        |    53 |     5 ||    58
Dodge: Dodged            |    36 |       ||    36
Block: Kite shield       |    37 |    12 ||    49

Levels and vault maps discovered:
D:1:      dpeg_arrival_tiny_a, layout_loops_ring, minmay_tetromino_o4
D:2:      layout_loops_cross, basic_altar
D:3:      layout_loops_cross, shapermc_ecumenical_altar_mp_ritualfount,
          uniq_grinder, uniq_crazy_yiuf_cottage, uniq_jessica, uniq_terence

Notes
Turn   | Place    | Note
-------+----------+-------------------------------------------
     0 | D:1      | Sobieck the Demonspawn Fighter began the quest for the Orb.
     0 | D:1      | Reached XP level 1. HP: 18/18 MP: 1/1
     0 | D:1      | magus.rc [v1.9.6]
    86 | D:2      | Reached skill level 2 in Axes
    86 | D:2      | Gained mutation: You are partially covered in slimy green
                  | scales. (AC +2) [demonic ancestry]
    86 | D:2      | Reached XP level 2. HP: 9/24 MP: 2/2
   586 | D:1      | Gained mutation: You have a pair of small antennae on your
                  | head. [demonic ancestry]
   586 | D:1      | Reached XP level 3. HP: 25/29 MP: 3/3
   712 | D:1      | Reached skill level 3 in Armour
   840 | D:1      | Reached skill level 3 in Shields
  1308 | D:2      | Gained mutation: You are mostly covered in slimy green
                  | scales. (AC +3) [demonic ancestry]
  1308 | D:2      | Reached XP level 4. HP: 22/35 MP: 4/4
  1576 | D:2      | Reached skill level 3 in Axes
  1874 | D:2      | Noticed an orc warrior
  1886 | D:2      | HP: 6/35 [orc warrior/+0 hand axe (4)]
  1890 | D:2      | Mangled by an orc warrior

Vanquished Creatures
  3 gnolls (D:2)
  2 adders (D:2)
  2 dart slugs (D:2)
  3 orcs (D:2)
  3 endoplasms (D:1)
  4 giant cockroaches
  2 goblins (D:2)
  A hobgoblin (D:1)
  8 jackals
  A quokka (D:2)
  3 ball pythons
  2 bats (D:1)
  2 frilled lizards
  3 kobolds
  A rat (D:1)
40 creatures vanquished.

Table legend:
 A = Non-vault XP
 B = Vault XP
 C = Vault XP percentage of total XP
 D = Non-vault monster count
 E = Vault monster count
 F = Vault count percentage of total count
                 A         B        C        D         E       F
            +---------+---------+-------+---------+---------+-------
      Total |     132 |       5 |   3.6 |      37 |       3 |   7.5
            +---------+---------+-------+---------+---------+-------
        D:1 |      24 |       5 |  17.2 |      14 |       3 |  17.6
        D:2 |     107 |       0 |   0.0 |      22 |       0 |   0.0
        D:3 |       1 |       0 |   0.0 |       1 |       0 |   0.0
            +---------+---------+-------+---------+---------+-------

Illustrated notes

Table legend:
 A = Kills in this place as a percentage of kills in entire the game.
 B = Kills by you in this place as a percentage of kills by you in the entire game.
 C = Kills by friends in this place as a percentage of kills by friends in the entire game.
 D = Other kills in this place as a percentage of other kills in the entire game.
 E = Experience gained in this place as a percentage of experience gained in the entire game.
 F = Experience gained in this place divided by the number of levels of this place that you have seen.
                   A       B       C       D       E      F
               +-------+-------+-------+-------+-------+----------------------
         Total | 100.0 | 100.0 |   N/A |   N/A | 100.0 |  45.7
       Dungeon | 100.0 | 100.0 |   N/A |   N/A | 100.0 |  45.7
               +-------+-------+-------+-------+-------+----------------------

Table legend: (Time is in decaauts)
 A = Elapsed time spent in this place.
 B = Non-inter-level travel time spent in this place.
 C = Inter-level travel time spent in this place.
 D = Time resting spent in this place.
 E = Time spent auto-exploring this place.
 F = Levels seen in this place.
 G = Mean time per level.
                   A        B        C        D        E       F      G
               +--------+--------+--------+--------+--------+-----+--------+
         Total |   1946 |   1884 |     62 |    404 |   1162 |   3 |  648.7 |
       Dungeon |   1946 |   1884 |     62 |    404 |   1162 |   3 |  648.7 |
               +--------+--------+--------+--------+--------+-----+--------+

Top non-repeatable levels by time:
     D:2: 1066 daAuts
     D:1: 863 daAuts
     D:3: 15 daAuts
